 Dungeon Crawl Stone Soup version 0.29-a0-380-gf50f0a9fbc (webtiles) character file.

Game seed: 3622571881762257580

88 dracfodder the Skirmisher (level 4, -2/29 HPs)
             Began as a Gargoyle Berserker on May 5, 2022.
             Was a Believer of Trog.
             Slain by a gnoll
             ... wielding a +0 flail
              (5 damage)
             ... on level 3 of the Dungeon.
             The game lasted 00:07:45 (2065 turns).

dracfodder the Skirmisher (Gargoyle Berserker)      Turns: 2065, Time: 00:07:45

Health: -2/29      AC:  8    Str: 23    XL:     4   Next: 53%
Magic:  4/4        EV: 11    Int:  7    God:    Trog [**....]
Gold:   92         SH:  0    Dex:  9    Spells: 3/3 levels left

rFire   . . .      SeeInvis .   a - +0 mace
rCold   . . .      Faith    .   (no shield)
rNeg    + . .      Spirit   .   f - +0 leather armour
rPois   ∞          Reflect  .   (no helmet)
rElec   +          Harm     .   (no cloak)
rCorr   .          Rampage  .   (no gloves)
Will    .....                   c - +0 pair of boots
Stlth   +.........              (no amulet)
HPRegen 0.09/turn               (no ring)
MPRegen 0.09/turn               (no ring)

@: on berserk cooldown, slowed, very slow
A: sickness immunity, AC +3, negative energy resistance 1, electricity
resistance, torment resistance 1, petrification resistance
a: Renounce Religion, Berserk, Trog's Hand


You were on level 3 of the Dungeon.
You worshipped Trog.
Trog was pleased with you.
You visited 1 branch of the dungeon, and saw 3 of its levels.

You collected 92 gold pieces.

Inventory:

Hand Weapons
 a - a +0 mace (weapon)
 b - a +1 vorpal hunting sling
Armour
 c - a +0 pair of boots (worn)
 f - a +0 leather armour (worn)
Jewellery
 h - a +6 ring of strength
Scrolls
 e - 2 scrolls of teleportation
 g - a scroll of enchant weapon {unknown}
 i - a scroll of noise {unknown}
 j - 2 scrolls of poison
 k - a scroll of silence {unknown}
 n - a scroll of fog
 p - a scroll of identify
 q - a scroll of magic mapping {unknown}
Potions
 d - 2 potions of curing {unknown}
 l - a potion of degeneration {unknown}
 m - a potion of brilliance {unknown}
 o - a potion of flight {unknown}
 r - a potion of heal wounds {unknown}


   Skills:
 * Level 4.1 Fighting
 + Level 3.5 Maces & Flails
 + Level 1.5 Slings
 + Level 2.7 Armour
 + Level 1.8 Dodging
 + Level 0.2 Stealth


You had 3 spell levels left.
You didn't know any spells.
Your spell library was empty.

Dungeon Overview and Level Annotations

Branches:
Dungeon (3/15)

Altars:

Shops:
D:1 (


Innate Abilities, Weirdness & Mutations

You are immune to sickness and miasma.
Your stone body is resilient. (AC +3)
You are immune to poison.
You resist negative energy. (rN+)
You are resistant to electric shocks. (rElec)
You are resistant to unholy torment.
You are immune to petrification.


Message History

* * * LOW HITPOINT WARNING * * *
Things that are here:
a +0 dagger; a +0 robe; a +0 club You barely miss the orc.
The orc is severely wounded.
The orc closely misses you.
You sock the orc!
You kill the orc!
Trog accepts your kill.
You hit the orc.
You kill the orc!
Trog accepts your kill.
Things that are here:
a +0 flail; a +0 hand axe; an orc corpse You bludgeon the orc!!
You kill the orc!
Trog accepts your kill.
Things that are here:
a +0 mace; a boomerang of dispersal; an orc corpse A gnoll comes into view.
It is wielding a +0 flail.
You feel a strong urge to attack something.
You are no longer berserk.
You are exhausted.
You feel yourself slow down.
The gnoll shouts!
The gnoll moves out of view.
A gnoll comes into view. It is wielding a +0 spear.
You see here a rat corpse.
The gnoll moves out of view.
Things that are here:
a +0 mace; a boomerang of dispersal; an orc corpse
Things that are here:
a +0 flail; a +0 hand axe; an orc corpse
Things that are here:
a +0 dagger; a +0 robe; a +0 club The gnoll attacks as you move away!
The gnoll hits you but does no damage. The gnoll hits you with a +0 flail.
* * * LOW HITPOINT WARNING * * *
You closely miss the gnoll. The gnoll hits you with a +0 flail.
You die...

#
#.............#...#
###
####.#####......#.#
.... ...
#.......#.#.# ####
### ###
#.#######.#.# #..
.. #.#.# #
#.######### #.#.#
#.#.#.......# #.#.#
#.#.#.#####.# #.#.#
#### #.....# #@#
#.#.#####
...#####.### #g#
..#....<#
##.#...#.# #.#
#########
##.#.#.#.# #####.#
.........# #.....#
.#.#†#...# #.#####
.#.#.....# #.#
#.#.##..# #g#
#...g...# #)#


You could see a gnoll.

Vanquished Creatures
  An orc wizard (D:3)
  An adder (D:3)
  5 orcs (D:3)
  4 endoplasms
  2 goblins
  5 hobgoblins
  3 jackals (D:3)
  3 quokkas
  5 ball pythons
  4 bats (D:1)
  A frilled lizard (D:3)
  4 kobolds
  7 rats
  A spectral hobgoblin (D:2)
46 creatures vanquished.

Notes
Turn   | Place    | Note
-------+----------+-------------------------------------------
     0 | D:1      | dracfodder the Gargoyle Berserker began the quest for the
                  | Orb.
     0 | D:1      | Reached XP level 1. HP: 14/14 MP: 1/1
   182 | D:1      | Reached XP level 2. HP: 19/19 MP: 2/2
   377 | D:1      | Found Sygerphua's Antique Weapon Shop.
   708 | D:1      | Reached XP level 3. HP: 24/24 MP: 3/3
   906 | D:2      | Found a faded altar of an unknown god.
   973 | D:2      | Reached ** piety under Trog
  1609 | D:3      | Reached skill level 4 in Fighting
  1831 | D:3      | Reached skill level 1 in Slings
  2045 | D:3      | Reached XP level 4. HP: 11/29 MP: 4/4
  2065 | D:3      | Slain by a gnoll

Illustrated notes

Levels and vault maps discovered:
D:1:      dpeg_arrival_round_b, layout_loops_cross, serial_shops,
          nicolae_shop_hallway_plus
D:2:      layout_basic, dreamdust_ecumenical_altar_drowned_temple, nrook_uturn
D:3:      layout_basic

Skill      XL: |  1  2  3 |
---------------+----------+-----
Fighting       | 4 |  4.1
Slings         | 1 |  1.5
Maces & Flails | |  3.5
Armour         | |  2.7
Dodging        | |  1.8
Stealth        | |  0.2

Action                   |  1- 3 |  4- 6 || total
-------------------------+-------+-------++-------
Melee: Mace              |    67 |     5 ||    72
       Punch             |     1 |       ||     1
 Fire: Hunting sling     |    76 |       ||    76
Invok: Berserk           |     2 |       ||     2
  Use: Scroll            |     4 |       ||     4
Armor: Animal skin       |     3 |       ||     3
       Leather armour    |    68 |     1 ||    69
Dodge: Dodged            |    87 |     1 ||    88

Table legend: (Time is in decaauts)
 A = Elapsed time spent in this place.
 B = Non-inter-level travel time spent in this place.
 C = Inter-level travel time spent in this place.
 D = Time resting spent in this place.
 E = Time spent auto-exploring this place.
 F = Levels seen in this place.
 G = Mean time per level.
                   A        B        C        D        E       F      G
               +--------+--------+--------+--------+--------+-----+--------+
         Total |   2129 |   2119 |     10 |    210 |   1476 |   3 |  709.7 |
       Dungeon |   2129 |   2119 |     10 |    210 |   1476 |   3 |  709.7 |
               +--------+--------+--------+--------+--------+-----+--------+

Top non-repeatable levels by time:
     D:1: 913 daAuts
     D:2: 666 daAuts
     D:3: 549 daAuts
